 Dungeon Crawl Stone Soup version 0.28.0-49-g6dfe1f597d (webtiles) character file.

Game seed: 1175797539132002633

6 issech the Charlatan (level 1, -18/17 HPs)
             Began as a Gnoll Wanderer on May 19, 2022.
             Killed from afar by an acid dragon (35 damage)
             ... with a splash of acid
             ... on level 1 of the Dungeon.
             The game lasted 00:01:21 (545 turns).

issech the Charlatan (Gnoll Wanderer)                Turns: 545, Time: 00:01:21

Health: -18/17     AC:  6    Str: 10    XL:     1   Next: 90%
Magic:  1/1        EV: 10    Int:  8    God:
Gold:   24         SH:  6    Dex: 15    Spells: 0/0 levels left

rFire   . . .      SeeInvis .   a - +0 dagger
rCold   . . .      Faith    .   e - +0 buckler {AC+3}
rNeg    . . .      Spirit   .   d - +0 leather armour
rPois   .          Reflect  .   (no helmet)
rElec   .          Harm     .   (no cloak)
rCorr   .          Rampage  .   (no gloves)
Will    .....                   (no boots)
Stlth   ++........              (no amulet)
HPRegen 0.05/turn               (no ring)
MPRegen 0.07/turn               (no ring)

@: no status effects
A: fangs 1, strong nose, distributed training
a: no special abilities


You were on level 1 of the Dungeon.
You visited 1 branch of the dungeon, and saw 1 of its levels.

You collected 24 gold pieces.

Inventory:

Hand Weapons
 a - a +0 dagger (weapon)
Armour
 d - a +0 leather armour (worn)
 e - a +0 buckler of protection (worn)
Scrolls
 f - a scroll of fog {unknown}
 g - a scroll of teleportation {unknown}
 h - a scroll of fear {unknown}
Potions
 b - 2 potions of lignification
 i - a potion of haste {unknown}


   Skills:
 + Level 2.4 Fighting
 + Level 0.2 Short Blades
 + Level 0.2 Long Blades
 + Level 0.2 Axes
 + Level 0.2 Maces & Flails
 + Level 0.2 Polearms
 + Level 0.2 Staves
 + Level 0.2 Slings
 + Level 0.2 Bows
 + Level 0.2 Crossbows
 + Level 0.2 Throwing
 + Level 0.2 Armour
 + Level 0.2 Dodging
 + Level 4.0 Stealth
 + Level 6.4 Shields
 + Level 2.4 Unarmed Combat
 + Level 0.2 Spellcasting
 + Level 0.1 Conjurations
 + Level 0.1 Hexes
 + Level 0.1 Summonings
 + Level 0.1 Necromancy
 + Level 0.1 Translocations
 + Level 0.1 Transmutations
 + Level 0.1 Fire Magic
 + Level 0.1 Ice Magic
 + Level 0.1 Air Magic
 + Level 0.1 Earth Magic
 + Level 0.1 Poison Magic
 + Level 0.3 Invocations
 + Level 6.4 Evocations


You couldn't memorise any spells.
You didn't know any spells.
Your spell library was empty.

Dungeon Overview and Level Annotations

Branches:
Dungeon (1/15)

Altars:

Shops:
D:1 :


Innate Abilities, Weirdness & Mutations

You have very sharp teeth.
Your uncanny sense of smell can sniff out nearby items.
Your experience applies equally to all skills.


Message History

You hit the dart slug.
The dart slug is heavily wounded.
The dart slug launches a dart at you. The slug dart hits you.
* * * LOW HITPOINT WARNING * * *
You hit the dart slug.
The dart slug is severely wounded.
You hit the dart slug but do no damage.
The dart slug is severely wounded.
The dart slug launches a dart at you. The slug dart hits you.
* * * LOW HITPOINT WARNING * * *
You hit the dart slug.
The dart slug is almost dead.
The dart slug barely misses you.
You hit the dart slug.
You kill the dart slug!
You see here a dart slug corpse.
You start resting.
HP restored.
f - a scroll labelled ORIAGA SUAZU You now have 24 gold pieces (gained 13).
g - a scroll labelled ROUCEGG ADAOG
Found Dedid's Book Boutique.
There is an entrance to Dedid's Book Boutique here.
h - a scroll labelled RADOITH RODOG
i - a smoky puce potion A frilled lizard comes into view.
The frilled lizard hisses angrily.
The frilled lizard evaporates and reforms as an adder!
The adder evaporates and reforms as a bat!
The bat evaporates and reforms as a sky beast!
The sky beast evaporates and reforms as a swamp drake!
The swamp drake evaporates and reforms as an acid dragon!
The now-empty wand crumbles to dust.
Nothing quivered!
The acid dragon spits acid at you. The splash of acid hits you!!
Ouch! That really hurt!
You die...

###........###..## ..
#####.#.....#..###...
#....#.........# ###
#.####.#..# #
#.####....# # #
#..##..#... #
#..#.D#.# #.. #
##.##...# #. #
#.....@## #
####....## ###
#.....# ..######
#.#.#......
#.>....###
#..#.#######
#......... ...##...#
#......#######
###.### ##.....#
#...##
.......########
###..#


You could see an acid dragon (catching breath).

Vanquished Creatures
  A dart slug (D:1)
  An endoplasm (D:1)
  A goblin (D:1)
  A frilled lizard (D:1)
4 creatures vanquished.

Notes
Turn   | Place    | Note
-------+----------+-------------------------------------------
     0 | D:1      | issech the Gnoll Wanderer began the quest for the Orb.
     0 | D:1      | issech set off with the following items: a +0 dagger, a
                  | potion of lignification, a wand of polymorph (5), a +0
                  | leather armour, a +0 buckler of protection
     0 | D:1      | Reached XP level 1. HP: 17/17 MP: 1/1
   438 | D:1      | Found Dedid's Book Boutique.
   535 | D:1      | Noticed a sky beast
   535 | D:1      | a bat changed into a sky beast
   536 | D:1      | Noticed a swamp drake
   536 | D:1      | a sky beast changed into a swamp drake
   537 | D:1      | Noticed an acid dragon
   537 | D:1      | a swamp drake changed into an acid dragon
   545 | D:1      | Killed from afar by an acid dragon

Illustrated notes

Levels and vault maps discovered:
D:1:      onia_arrival_mini_spirals, layout_rooms,
          hellmonk_ecumenical_altar_crossroads, serial_shops, shop,
          shop_fountains, nicolae_shop_crystal

Action                   || total
-------------------------++-------
Melee: Dagger            ||    24
       Bite              ||     4
Evoke: Wand              ||     5
Armor: Leather armour    ||     8
Dodge: Dodged            ||     7
Block: Buckler           ||     4
